 Dungeon Crawl Stone Soup version 0.27.0-1-g7a08968 (webtiles) character file.

Game seed: 9397676969541291219

23 Jonnyslop the Insei (level 2, 0/23 HPs)
             Began as a Gnoll Transmuter on Nov 22, 2021.
             Slain by an adder (3 damage)
             ... on level 2 of the Dungeon.
             The game lasted 00:02:16 (842 turns).

Jonnyslop the Insei (Gnoll Transmuter)               Turns: 842, Time: 00:02:17

Health: 0/23       AC:  2    Str:  9    XL:     2   Next: 95%
Magic:  5/7        EV: 13    Int: 12    God:
Gold:   28         SH:  0    Dex: 12    Spells: 7/10 levels left

rFire    . . .     SeeInvis .     - Unarmed
rCold    . . .     Faith    .   (no shield)
rNeg     . . .     Spirit   .   a - +0 robe
rPois    .         Reflect  .   (helmet currently unavailable)
rElec    .         Harm     .   (no cloak)
rCorr    .         Rampage  .   (no gloves)
Will     +....                  (boots currently unavailable)
Stlth    +.........             (no amulet)
HPRegen  0.07/turn              e - ring of willpower
MPRegen  0.10/turn              (no ring)

@: lethally poisoned (0 -> -3), appendages, wereblooded
A: horns 2, talons 2, fangs 1, strong nose, distributed training
a: End Transformation


You were on level 2 of the Dungeon.
You had temporarily grown beastly horns and talons.
You visited 1 branch of the dungeon, and saw 2 of its levels.

You collected 28 gold pieces.

Inventory:

Armour
 a - a +0 robe (worn)
Jewellery
 e - a ring of willpower (left hand)
Potions
 b - a potion of heal wounds {unknown}
 c - a potion of magic {unknown}


   Skills:
 + Level 2.5 Fighting
 + Level 0.5 Short Blades
 + Level 0.5 Long Blades
 + Level 0.5 Axes
 + Level 0.5 Maces & Flails
 + Level 0.5 Polearms
 + Level 0.5 Staves
 + Level 0.5 Slings
 + Level 0.5 Bows
 + Level 0.5 Crossbows
 + Level 0.5 Throwing
 + Level 0.5 Armour
 + Level 4.5 Dodging
 + Level 0.5 Stealth
 + Level 0.5 Shields
 + Level 6.5 Unarmed Combat
 + Level 4.9 Spellcasting
 + Level 0.4 Conjurations
 + Level 0.4 Hexes
 + Level 0.4 Summonings
 + Level 0.4 Necromancy
 + Level 0.4 Translocations
 + Level 3.7 Transmutations
 + Level 0.4 Fire Magic
 + Level 0.4 Ice Magic
 + Level 0.4 Air Magic
 + Level 0.4 Earth Magic
 + Level 0.4 Poison Magic
 + Level 0.7 Invocations
 + Level 0.5 Evocations


You had 7 spell levels left.
You knew the following spells:

 Your Spells              Type           Power      Damage    Failure   Level
a - Beastly Appendage     Tmut           22%        N/A       4%          1
b - Wereblood             Tmut           11%        N/A       7%          2

Your spell library contained the following spells:

 Spells                   Type           Power      Damage    Failure   Level
 Spider Form              Tmut/Pois      3%         N/A       26%         3
 Ice Form                 Ice/Tmut       7%         N/A       65%         4


Dungeon Overview and Level Annotations

Branches:
Dungeon (2/15)

Altars:


Innate Abilities, Weirdness & Mutations

You have temporarily grown beastly horns and talons.
You have very sharp teeth.
Your uncanny sense of smell can sniff out nearby items.
Your experience applies equally to all skills.


Message History

You are too injured to fight recklessly!
You are too injured to fight recklessly!
You are too injured to fight recklessly!
You are too injured to fight recklessly!
You are too injured to fight recklessly!
You are too injured to fight recklessly!
You are too injured to fight recklessly!
You are too injured to fight recklessly!
You are too injured to fight recklessly!
You are too injured to fight recklessly!
You are too injured to fight recklessly!
You are too injured to fight recklessly!
You are too injured to fight recklessly!
There are monsters nearby!
You hit the hobgoblin. Your kick misses the hobgoblin.
Your headbutt misses the hobgoblin.
The hobgoblin is severely wounded.
The hobgoblin closely misses you. The adder misses you.
You closely miss the hobgoblin.
The hobgoblin is severely wounded.
The adder misses you. The hobgoblin barely misses you.
You hit the hobgoblin but do no damage. Your kick misses the hobgoblin.
The hobgoblin is severely wounded.
The adder bites you.
You are poisoned.
The adder poisons you! The hobgoblin hits you.
* * * LOW HITPOINT WARNING * * *
You hit the hobgoblin.
You feel a bit better.
You kill the hobgoblin!
* * * LOW HITPOINT WARNING * * *
You feel sick. The adder misses you.
You miss the adder. You claw the adder. Your headbutt misses the adder.
The adder is heavily wounded.
* * * LOW HITPOINT WARNING * * *
You feel sick. The adder barely misses you.
You closely miss the adder. Your kick misses the adder.
The adder is heavily wounded.
* * * LOW HITPOINT WARNING * * *
You feel sick. The adder bites you.
You die...

.... ... # ... # ∆.
..#.#...# .##.# .......
... .#.##..!.. ........
... ......# ........ ..
#S..# ........ (.##
#.###@#.## ........
.....#.#......# ........
#......##.#..# ........
#..###!## ..#.# ........
#..# #..... ......†.
..#####.####.##.......(..#
..........................
#######.####.###..........
#..# #.# #..........


You could see an adder.

Vanquished Creatures
  2 ball pythons
  2 endoplasms
  3 giant cockroaches (D:1)
  2 goblins (D:1)
  2 hobgoblins (D:2)
  A quokka (D:1)
  2 bats
  2 frilled lizards (D:1)
  4 kobolds (D:1)
20 creatures vanquished.

Notes
Turn   | Place    | Note
-------+----------+-------------------------------------------
     0 | D:1      | Jonnyslop the Gnoll Transmuter began the quest for the Orb.
     0 | D:1      | Reached XP level 1. HP: 17/17 MP: 6/6
   112 | D:1      | Reached XP level 2. HP: 23/23 MP: 5/7
   671 | D:1      | Learned a level 2 spell: Wereblood
   842 | D:2      | Slain by an adder

Illustrated notes

Levels and vault maps discovered:
D:1:      minmay_arrival_diagonal_passages, layout_basic
D:2:      layout_rooms, uniq_jessica

Action                   || total
-------------------------++-------
Melee: Unarmed           ||    48
       Kick              ||     6
       Headbutt          ||     5
       Bite              ||     4
       Punch             ||     1
 Cast: Beastly Appendage ||    15
       Wereblood         ||     3
  Use: Scroll            ||     1
 Stab: Sleeping          ||     1
Armor: Robe              ||     7
Dodge: Dodged            ||    27
